 Dungeon Sprint DCSS version 0.30-a0-802-gb92711bcdf (webtiles) character file.

Game seed: 5689576959290732180

1000000 BigDaddyOpFi the Spry (level 14, -7/117 HPs)
             Began as a Djinni Warper on Feb 23, 2023.
             Was an Initiate of Makhleb.
             Mangled by a meat berserker
             ... wielding a +9 battleaxe
              (82 damage)
             ... in the Dungeon (Sprint VIII: "Arena of Blood").
             The game lasted 00:00:14 (10 turns).

BigDaddyOpFi the Spry (Djinni Warper)                 Turns: 10, Time: 00:00:14

Health: -7/117     AC:  5    Str: 10    XL:     14   Next: 83%
Gold:   0          EV: 23    Int: 15    God:    Makhleb [......] SH:  0 Dex: 18

rFire   + + .      SeeInvis .    h - +∞ Axe of Woe
rCold   x . .      Faith    .    (shield currently unavailable)
rNeg    . . .      Spirit   .    a - +0 leather armour
rPois   ∞          Reflect  .    (no helmet)
rElec   .          Harm     .    (no cloak)
rCorr   .          Rampage  .    (no gloves)
Will    +....      NoTele   +    (boots unavailable)
Stlth   +                        (no amulet)
HPRegen 0.39/turn                (no ring)
MPRegen 0.00/turn                (no ring)

@: flying
A: sickness immunity, fire resistance 2, cold vulnerability 1, float, innate
caster, HP casting, extra vitality 1
a: Renounce Religion


You were in the Dungeon.
You worshipped Makhleb.
Makhleb was noncommittal.
You visited 1 branch

Inventory:

Hand Weapons
 h - the +∞ Axe of Woe (weapon)
   (You found it in the Dungeon)
Missiles
 c - 7 boomerangs of dispersal (quivered)
Armour
 a - a +0 leather armour (worn)
Scrolls
 b - 2 scrolls of blinking
Potions
 d - a potion of curing
 e - a potion of heal wounds
 f - a potion of haste
 g - a potion of berserk rage


   Skills:
 + Level 16.6 Fighting
 + Level 14.0 Throwing
 + Level 16.7 Armour
 + Level 18.0 Dodging
 + Level 16.6 Unarmed Combat
 + Level 13.2 Spellcasting


You knew the following spells:

 Your Spells              Type           Power      Damage    Failure   Level
a - Blink                 Tloc           98%        N/A       1%          2
b - Lesser Beckoning      Tloc           98%        N/A       1%          2
c - Vhi's Electric Charg  Tloc/Air       98%        N/A       1%          3
d - Teleport Other        Tloc           49%        N/A       1%          3
e - Manifold Assault      Tloc           49%        N/A       1%          4
f - Necrotise             Necr           100%       1d9       1%          1
g - Ensorcelled Hibernat  Hex/Ice        98%        N/A       1%          2
h - Vampiric Draining     Necr           49%        2d9       1%          3
i - Animate Armour        Summ/Erth      98%        N/A       1%          4
j - Irradiate             Conj/Tmut      24%        3d19      1%          5
k - Metabolic Englaciati  Hex/Ice        24%        N/A       1%          5
Your spell library was empty.

Dungeon Overview and Level Annotations

Branches:
Dungeon (1/1)

Altars:
Makhleb


Innate Abilities, Weirdness & Mutations

You are immune to sickness and miasma.
You are immune to poison.
Your flesh is very heat resistant. (rF++)
You are vulnerable to cold. (rC-)
You float through the air rather than walking.
You learn spells naturally, not from books.
Your magical power is your life essence.
You have superior vitality. (+4 MHP)


Message History

You slash the bag of meat!
You dissect the bag of meat like a pig carcass.
You kill the bag of meat!
You slash the bag of meat!
You dissect the bag of meat like a pig carcass.
You kill the bag of meat!
You hear a shout! x8
The meat berserker rages.
You hear a shout! x3
The meat berserker rages.
You hear a shout! x6
The bag of meat hits you with a +9 war axe!!
A bag of meat comes into view. It is wielding a +9 war axe.
You hear a shout!
Your Fighting skill gained 2 levels and is now at level 16!
Your Throwing skill increases to level 13!
Your Armour skill gained 2 levels and is now at level 16!
Your Dodging skill gained 2 levels and is now at level 17!
Your Unarmed Combat skill gained 2 levels and is now at level 16!
Your Spellcasting skill increases to level 12!
You have reached level 14!
You slash the bag of meat!
You hew the bag of meat savagely.
You kill the bag of meat!
You hear a shout! x2
The meat berserker rages.
You hear a shout! x17
A bag of meat comes into view. It is wielding a +9 war axe.
Your Throwing skill increases to level 14!
Your Dodging skill increases to level 18!
Your Spellcasting skill increases to level 13!
Unknown command.
Press < or > to pray at altars.
You hover solemnly before the altar of Makhleb.
Makhleb welcomes you!
The bag of meat shouts!
You hear a shout! x4
The meat berserker rages.
You hear a shout! x4
The meat berserker hits you with a +9 battleaxe!!!!
Ouch! That really hurt!
You die...

.. ..... #.
...# #.. ...# .
.###.. ...###..
......###......
......_.....
#...)O# #_.<)@#
#....)#
......_.....
..o...###......
.###.. ...###..
#.. ..o# . #.
...# .. .....


You could see a meat berserker (berserk) and 2 bags of meat.

Vanquished Creatures
  7 orcs (D)
7 creatures vanquished.

Notes
Turn   | Place    | Note
-------+----------+-------------------------------------------
     0 | D        | Found the +∞ Axe of Woe
     0 | D        | BigDaddyOpFi the Djinni Warper began the quest for the Orb.
     0 | D        | BigDaddyOpFi set off with the following spells memorised:
                  | Blink, Lesser Beckoning, Vhi's Electric Charge, Teleport
                  | Other, Manifold Assault.
     0 | D        | Reached XP level 1. HP: 18/18 MP: 0/0
     0 | D        | Noticed a bag of meat
     2 | D        | Noticed a bag of meat
     3 | D        | Noticed a bag of meat
     3 | D        | Noticed a bag of meat
     4 | D        | Noticed a bag of meat
     5 | D        | Killed a bag of meat
     5 | D        | Noticed a bag of meat
     5 | D        | Noticed a bag of meat
     6 | D        | Reached skill level 12 in Dodging
     6 | D        | Reached XP level 2. HP: 37/37 MP: 0/0
     6 | D        | Reached XP level 3. HP: 42/42 MP: 0/0
     6 | D        | Learned a level 1 spell: Necrotise
     6 | D        | Reached XP level 4. HP: 49/49 MP: 0/0
     6 | D        | Reached XP level 5. HP: 53/53 MP: 0/0
     6 | D        | Learned a level 2 spell: Ensorcelled Hibernation
     6 | D        | Reached XP level 6. HP: 59/59 MP: 0/0
     6 | D        | Reached XP level 7. HP: 65/65 MP: 0/0
     6 | D        | Learned a level 3 spell: Vampiric Draining
     6 | D        | Reached XP level 8. HP: 71/71 MP: 0/0
     6 | D        | Reached XP level 9. HP: 76/76 MP: 0/0
     6 | D        | Learned a level 4 spell: Animate Armour
     6 | D        | Reached XP level 10. HP: 82/82 MP: 0/0
     6 | D        | Reached XP level 11. HP: 87/87 MP: 0/0
     6 | D        | Learned a level 5 spell: Irradiate
     6 | D        | Killed a bag of meat
     6 | D        | Noticed a bag of meat
     7 | D        | Reached skill level 10 in Throwing
     7 | D        | Reached skill level 13 in Dodging
     7 | D        | Reached skill level 10 in Spellcasting
     7 | D        | Reached XP level 12. HP: 96/96 MP: 0/0
     7 | D        | Killed a bag of meat
     7 | D        | Killed a bag of meat
     7 | D        | Noticed a meat berserker
     8 | D        | Reached skill level 15 in Dodging
     8 | D        | Reached XP level 13. HP: 97/106 MP: 0/0
     8 | D        | Learned a level 5 spell: Metabolic Englaciation
     8 | D        | Killed a bag of meat
     8 | D        | Killed a bag of meat
     8 | D        | Noticed a bag of meat
     9 | D        | Reached skill level 17 in Dodging
     9 | D        | Reached XP level 14. HP: 73/116 MP: 0/0
     9 | D        | Killed a bag of meat
     9 | D        | Noticed a bag of meat
    10 | D        | Reached skill level 18 in Dodging
    10 | D        | Became a worshipper of Makhleb the Destroyer
    10 | D        | Mangled by a meat berserker

Illustrated notes

Levels and vault maps discovered:
D:        meatsprint

Skill      XL: |  1  2  3  4  5  6  7  8  9 10 11 12 13 14 |
---------------+-------------------------------------------+-----
Fighting       | 11 12 14 16 | 16.6
Throwing       | 9 10 12 13 14 | 14.0
Armour         | 11 12 14 16 | 16.7
Dodging        | 12 13 15 17 18 | 18.0
Unarmed Combat | 11 12 14 16 | 16.6
Spellcasting   | 8 10 11 12 13 | 13.2

Action                     |  1- 3 |  4- 6 |  7- 9 | 10-12 | 13-15 || total
---------------------------+-------+-------+-------+-------+-------++-------
  Melee: Executioner's axe |     1 |       |       |     2 |     2 ||     5

Table legend: (Time is in decaauts)
 A = Elapsed time spent in this place.
 B = Non-inter-level travel time spent in this place.
 C = Inter-level travel time spent in this place.
 D = Time resting spent in this place.
 E = Time spent auto-exploring this place.
 F = Levels seen in this place.
 G = Mean time per level.
                   A        B        C        D        E       F      G
               +--------+--------+--------+--------+--------+-----+--------+
         Total |     14 |     14 |      0 |      0 |      0 |   1 |   14.0 |
       Dungeon |     14 |     14 |      0 |      0 |      0 |   1 |   14.0 |
               +--------+--------+--------+--------+--------+-----+--------+

Top non-repeatable levels by time:
       D: 14 daAuts
